 Dungeon Crawl Stone Soup version 0.16-a0-4020-g6ff35b5 (console) character file.

98 Monkaria the Slasher (level 4, -6/41 HPs)
             Began as a Minotaur Chaos Knight on Feb 17, 2015.
             Mangled by an orc warrior
             ... wielding a +0 hand axe of draining
              (10 damage)
             ... on level 2 of the Dungeon.
             The game lasted 00:03:11 (1650 turns).

Monkaria the Slasher (Minotaur Chaos Knight)        Turns: 1650, Time: 00:03:11

Health: -6/41      AC:  5    Str: 22    XL:     4   Next: 43%
Magic:  2/2        EV: 11    Int:  9    God:    Xom [..*...]
Gold:   141        SH:  0    Dex: 10    Spells: 0 memorised, 3 levels left

rFire  . . .     SeeInvis .     a - +0 falchion (chaos)
rCold  . . .     Clarity  .     b - +2 leather armour
rNeg   . . .     SustAb   .     (no shield)
rPois  .         Gourm    .     (helmet restricted)
rElec  .         Spirit   .     (no cloak)
rCorr  .         Warding  .     (no gloves)
rMut   .         Stasis   .     (no boots)
MR     .....                    (no amulet)
Stlth  +.........               (no ring)
                                (no ring)

@: mighty, heavily drained, not resistant to hostile enchantments, very
unstealthy
A: retaliatory headbutt, horns 2
a: Renounce Religion


You were on level 2 of the Dungeon.
You worshipped Xom.
You were a toy of Xom.
You were not hungry.

You visited 1 branch of the dungeon, and saw 3 of its levels.

You collected 141 gold pieces.

Inventory:

Hand weapons
 a - a +0 falchion of chaos (weapon)
Armour
 b - a +2 leather armour (worn)
Scrolls
 d - 2 scrolls of noise {unknown}
 g - 3 scrolls of identify {unknown}
 h - a scroll of enchant armour {unknown}
 i - 2 scrolls of remove curse {unknown}
 m - a scroll of enchant weapon {unknown}
Potions
 l - a potion of agility {unknown}
Comestibles
 c - 2 bread rations
 k - a beef jerky
 n - 2 fruits
 o - 2 meat rations


   Skills:
 - Level 4.3(1.8) Fighting
 + Level 5.9(3.2) Long Blades
 - Level 2.4(0.0) Armour
 - Level 1.1(0.0) Dodging


You had 3 spell levels left.
You didn't know any spells.

Dungeon Overview and Level Annotations

Branches:
Dungeon (3/15)

Altars:
Fedhas


Innate Abilities, Weirdness & Mutations

You reflexively headbutt those who attack you in melee.
You have a pair of horns on your head.


Message History

Drink which item? (? for menu, Esc to quit)
It was a potion of might.
You feel very mighty all of a sudden.
Xom thinks this is hilarious!
The orc warrior hits you with a hand axe of draining.
* * * LOW HITPOINT WARNING * * *
You feel drained.
Drink which item? (? for menu, Esc to quit)
It was a potion of curing.
You feel better.
The orc warrior hits you with a hand axe of draining!
* * * LOW HITPOINT WARNING * * *
You feel drained.
* * * LOW HITPOINT WARNING * * *
Drink which item? (? for menu, Esc to quit)
It was a potion of cure mutation.
It has a very clean taste.
Xom thinks this is hilarious!
You hear Xom's avuncular chuckle.
The orc warrior is moving more slowly.
The orc warrior hits you with a hand axe of draining!
You die...
Xom snickers!

..............# #Z#
#.#.......###.###########.#
#.#.......# #.......#.....#
#.#.......# #.#####.#Z#####
..#.#'##### #.# #.#.#
....#รท# #.#####.#.#
#####.### #.##....[.#
........# #.##.##.###
......#.# #...@o>.#
......#.# ####..).#
..#(#.#.# ###.##
......#.##########.#
..#................#
........#.########.########
.#####.##.# #..........#
.#...#..#.######Z########.#
.#.#....#.##......Z.......#


You could see an orc warrior (petrifying).

Vanquished Creatures
  A gnoll (D:2)
  An adder (D:2)
  A giant mite (D:2)
  A worm (D:2)
  4 giant geckos
  8 goblins
  6 hobgoblins
  8 jackals
  A quokka (D:2)
  6 bats
  2 giant cockroaches (D:2)
  3 giant newts
  8 kobolds
  3 rats (D:1)
53 creatures vanquished.

Vanquished Creatures (others)
  2 gnolls (D:2)
  A ball python (D:2)
  A hobgoblin zombie (D:2)
  A butterfly (D:3)
5 creatures vanquished.

Grand Total: 58 creatures vanquished

Notes
Turn   | Place    | Note
--------------------------------------------------------------
     0 | D:1      | Monkaria, the Minotaur Chaos Knight, began the quest for the Orb.
     0 | D:1      | Reached XP level 1. HP: 19/19 MP: 1/1
    23 | D:1      | Reached skill level 4 in Fighting
    64 | D:1      | Reached XP level 2. HP: 10/27 MP: 1/1
   215 | D:1      | XOM: harmless Trmt miscast
   253 | D:1      | XOM: divination: detect items
   367 | D:1      | Reached XP level 3. HP: 34/34 MP: 2/2
   434 | D:1      | XOM: silly message
   633 | D:2      | Reached skill level 5 in Long Blades
   640 | D:2      | Found a blossoming altar of Fedhas.
   725 | D:2      | XOM: mild Divn miscast
   795 | D:2      | XOM: noise
   840 | D:2      | Reached XP level 4. HP: 31/41 MP: 2/2
   840 | D:2      | XOM: destruction
  1398 | D:3      | Noticed an orc warrior
  1398 | D:3      | XOM: cast spell 'Summon Butterflies'
  1410 | D:3      | XOM: noise
  1564 | D:2      | XOM: harmless Ice miscast
  1639 | D:3      | XOM: cast spell 'Summon Small Mammal'
  1640 | D:3      | XOM: butterfly on damage
  1650 | D:2      | XOM: enchant monster (good)
  1650 | D:2      | Mangled by an orc warrior

Action                   |  1- 3 |  4- 6 || total
-------------------------+-------+-------++-------
Melee: Falchion          |    90 |    32 ||   122
  Use: Potion            |       |     3 ||     3
  Eat: Chunk             |       |     2 ||     2
